 Dungeon Crawl Stone Soup version 0.20.0-8-g6b59dc7 (webtiles) character file.

1243 Hasart the Poker (level 8, -6/81 HPs)
             Began as an Octopode Fighter on May 31, 2017.
             Was an Initiate of Gozag.
             Mangled by Duvessa
             ... wielding a +4 short sword of electrocution
              (12 damage)
             ... on level 5 of the Dungeon.
             The game lasted 00:13:44 (6123 turns).

Hasart the Poker (Octopode Fighter)                 Turns: 6123, Time: 00:13:45

Health: -6/81      AC: 29    Str: 17 (20) XL:     8   Next: 50%
Magic:  11/11      EV:  2    Int:  9 (11) God:    Gozag
Gold:   642        SH: 10    Dex: 11 (13) Spells: 7/7 levels left

rFire    . . .     SeeInvis .   a - +0 trident
rCold    . . .     Gourm    .   b - +1 shield
rNeg     + + +     Faith    .   (helmet currently unavailable)
rPois    +         Spirit   .   g - amulet of rage
rElec    .         Reflect  .   k - +5 ring of protection
rCorr    .         Harm     .   x - ring of wizardry
MR       .....     NoTele   +   (no ring)
Stlth    +.........             (no ring)
Regen    0.3/turn               (no ring)
MPRegen  0.2/turn               (no ring)
                                (no ring)
                                (no ring)

@: mighty, tree-form
A: almost no armour, stealthy swim, (amphibious), 8 rings, (constrict 8), no
potion heal 1
a: Potion Petition, Call Merchant, Bribe Branch, Renounce Religion, Evoke
Berserk Rage


You were on level 5 of the Dungeon.
You worshipped Gozag.
Gozag was pleased with you.
You were hungry.
You were a tree.
You visited 2 branches of the dungeon, and saw 7 of its levels.
You also visited: Ossuary.

You collected 684 gold pieces.
You paid 42 gold pieces to Gozag.

Inventory:

Hand Weapons
 a - a +0 trident (weapon)
Armour
 b - a +1 shield (worn)
Jewellery
 g - an amulet of rage (around neck)
 k - a +5 ring of protection (left branch)
 x - a ring of wizardry (right branch)
Scrolls
 c - a scroll of enchant weapon {unknown}
 j - 6 scrolls of identify
 n - 4 scrolls of teleportation
 r - 5 scrolls of remove curse
 u - 2 scrolls of random uselessness
 v - a scroll of fear
Potions
 h - 2 potions of brilliance
 l - a potion of lignification
 o - 4 potions of curing
 p - a potion of agility
 q - a potion of degeneration
 w - 2 potions of haste
 B - a potion of flight
 C - a potion of might
Books
 s - a book of Maledictions

   Spells                             Type                      Level
   a - Corona                         Hexes                        1
   b - Ensorcelled Hibernation        Hexes/Ice                    2
   c - Confuse                        Hexes                        3
   d - Tukima's Dance                 Hexes                        3
   e - Dazzling Spray                 Conjuration/Hexes            3
Comestibles
 d - 6 bread rations
 i - 3 royal jellies
 t - 2 meat rations


   Skills:
 + Level 4.5 Fighting
 * Level 5.7 Polearms
 + Level 5.2 Dodging
 + Level 4.9 Shields
 * Level 5.0 Evocations


You had 7 spell levels left.
You didn't know any spells.

Dungeon Overview and Level Annotations

Branches:
Dungeon (6/15)             Temple (1/1) D:4

Altars:
Ashenzari
Cheibriados
Dithmenos
Elyvilon
Fedhas
Gozag
Hepliaklqana
Kikubaaqudgha
Makhleb
Nemelex Xobeh
Okawaru
Qazlal
Ru
Sif Muna
Trog
Uskayaw
Vehumet
Xom
Yredelemnul
Zin
The Shining One

Annotations:
D:5 1 runed door, Duvessa
D:6 Hasart's ghost, novice OpFi


Innate Abilities, Weirdness & Mutations

You cannot wear most types of armour.
You are very stealthy in the water. (Stealth+)
((You are amphibious.))
You can wear up to eight rings at the same time.
((You can use your tentacles to constrict eight enemies at once.))
((Your skin blends seamlessly with your surroundings (Stealth++).))
((Your rubbery body absorbs attacks. (AC +1, EV +1)))
Potions are less effective at restoring your health.


Message History

* * * LOW HITPOINT WARNING * * *
Your system partially rejects the healing.
You feel much better.
Duvessa hits you with a short sword of electrocution.
* * * LOW HITPOINT WARNING * * *
You feel very mighty all of a sudden. Duvessa hits you but does no damage. x2
Unknown command.
You puncture Duvessa!
Duvessa is moderately wounded.
Duvessa hits you but does no damage.
You hit Duvessa but do no damage.
Duvessa is moderately wounded.
Duvessa hits you but does no damage.
You are electrocuted!
* * * LOW HITPOINT WARNING * * *
Duvessa hits you with a short sword of electrocution!
* * * LOW HITPOINT WARNING * * *
You are electrocuted!
You die...
Your body crumbles into a pile of gold.

#.....##......##.## #
#...............#.##
#
##...(...........#..#
#
#...............###.#
# ##...............#
### #
#...#...........##
##..#.......)..<##
##..#...........##
##..#........e♣.##
##..#...........##
##..###..........#
...## ###.......##
..## ##.....## .##
##...## ## ##### # #


You could see Duvessa (berserk).

Vanquished Creatures
  Sigmund (D:4)
  An ice beast (D:5)
  A phantom (D:4)
  An ogre (D:5)
  A bullfrog (D:5)
  Dowan (D:6)
  2 jellies
  A bullfrog skeleton (D:5)
  2 hounds (D:5)
  2 orc wizards (D:5)
  Jessica (D:3)
  Natasha (thrice) (D:3)
  An iguana (D:4)
  2 worker ants
  A hound zombie (D:3)
  9 mummies
  3 gnolls (D:4)
  8 adders
  2 oozes
  2 worms
  4 dart slugs
  4 leopard geckos
  10 orcs
  A ball python (D:2)
  2 giant cockroaches
  11 hobgoblins
  4 jackals (D:3)
  9 kobolds
  2 quokkas
  8 bats
  A frilled lizard (D:1)
  3 gnoll zombies (Ossuary)
  7 goblins
  2 hobgoblin zombies (Ossuary)
  A jackal skeleton (D:4)
  A kobold zombie (Ossuary)
  A leopard gecko skeleton (D:4)
  2 orc zombies (Ossuary)
  A quokka skeleton (D:5)
  7 rats
126 creatures vanquished.

Notes
Turn   | Place    | Note
-------+----------+-------------------------------------------
     0 | D:1      | Hasart the Octopode Fighter began the quest for the Orb.
     0 | D:1      | Reached XP level 1. HP: 16/16 MP: 1/1
   102 | D:1      | Reached XP level 2. HP: 18/21 MP: 2/2
   509 | D:1      | Reached XP level 3. HP: 26/26 MP: 3/3
  1193 | D:2      | Found a bloodstained altar of Trog.
  1209 | D:2      | Reached XP level 4. HP: 30/31 MP: 4/4
  1387 | D:2      | Found a deep blue altar of Sif Muna.
  1387 | D:2      | Found a basalt altar of Yredelemnul.
  1446 | D:2      | Reached skill level 1 in Evocations
  1617 | D:2      | Found a stormy altar of Qazlal.
  1622 | D:2      | Found a snail-covered altar of Cheibriados.
  1888 | D:3      | Noticed Natasha
  1893 | D:3      | Killed Natasha
  1893 | D:3      | Reached XP level 5. HP: 22/36 MP: 5/5
  2313 | D:3      | Noticed Jessica
  2325 | D:3      | Killed Jessica
  2391 | D:3      | Noticed Natasha
  2397 | D:3      | Killed Natasha
  2564 | D:3      | Noticed Natasha
  2573 | D:3      | Killed Natasha
  2573 | D:3      | Reached XP level 6. HP: 30/42 MP: 7/7
  2683 | D:3      | Found a sparkling altar of Nemelex Xobeh.
  3442 | D:4      | Noticed a phantom
  3749 | D:4      | Killed a phantom
  3749 | D:4      | Reached XP level 7. HP: 18/47 MP: 9/9
  3949 | D:4      | Noticed Sigmund
  3957 | D:4      | Killed Sigmund
  4117 | D:4      | Found a staircase to the Ecumenical Temple.
  4148 | Temple   | Entered the Ecumenical Temple
  4180 | Temple   | Became a worshipper of Gozag Ym Sagoz the Greedy
  4423 | D:5      | Entered Level 5 of the Dungeon
  4473 | D:5      | Found a glowing golden altar of the Shining One.
  4473 | D:5      | Noticed an angel
  4474 | D:5      | Found a runed door.
  4653 | D:5      | Reached skill level 5 in Polearms
  4653 | D:5      | Reached XP level 8. HP: 30/54 MP: 11/11
  4668 | D:5      | Reached skill level 5 in Dodging
  4727 | D:5      | Found a sand-covered staircase.
  4763 | Ossuary  | Entered an ossuary
  5246 | D:5      | Gained mutation: Your muscles are strong. (Str +2) [potion of mutation]
  5246 | D:5      | Lost mutation: Your muscles are strong. (Str +2) [potion of mutation]
  5246 | D:5      | Gained mutation: Potions are less effective at restoring your health. [potion of mutation]
  5246 | D:5      | Gained mutation: Your skin blends seamlessly with your surroundings (Stealth++). [potion of mutation]
  5899 | D:6      | Noticed Dowan
  5901 | D:6      | Noticed Hasart's ghost (novice OpFi)
  5903 | D:6      | Noticed Duvessa
  6112 | D:6      | Killed Dowan
  6112 | D:6      | Reached skill level 5 in Evocations
  6123 | D:5      | Mangled by Duvessa

Skill      XL: |  1  2  3  4  5  6  7  8 |
---------------+-------------------------+-----
Evocations     | 1 2 3 4 5 |  5.0
Polearms       | 3 4 5 |  5.7
Dodging        | 4 5 |  5.2
Shields        | 4 |  4.9
Fighting       | 4 |  4.5

Action                   |  1- 3 |  4- 6 |  7- 9 || total
-------------------------+-------+-------+-------++-------
Melee: Trident           |    65 |   169 |   155 ||   389
       Constrict         |    17 |    26 |    27 ||    70
       Tentacles         |    10 |    26 |    32 ||    68
       Unarmed           |       |       |     1 ||     1
  Use: Potion            |       |       |    15 ||    15
       Scroll            |       |       |    10 ||    10
 Stab: Sleeping          |     6 |    16 |     3 ||    25
  Eat: Chunk             |     1 |     6 |     3 ||    10
       Fruit             |       |     1 |     6 ||     7
Armor: Skin              |     5 |    28 |    24 ||    57
Dodge: Dodged            |    33 |    43 |    63 ||   139
Block: Shield            |    25 |    64 |    50 ||   139
